 Dungeon Crawl Stone Soup version 0.31-a0-524-g2a164cf6a2 (webtiles) character file.

Game seed: 4181224735491960754

84 AdnanSaban the Shield-Bearer (level 4, 0/29 HPs)
             Began as a Gargoyle Fighter on Aug 12, 2023.
             Slain by an orc wizard
             ... wielding a +0 dagger
              (1 damage)
             ... on level 6 of the Dungeon.
             The game lasted 00:01:29 (1850 turns).

AdnanSaban the Shield-Bearer (Gargoyle Fighter)     Turns: 1850, Time: 00:01:29

Health: 0/29       AC: 10    Str: 22    XL:     4   Next: 46%
Magic:  4/4        EV:  9    Int:  8    God:
Gold:   103        SH:  0    Dex:  9    Spells: 3/3 levels left

rFire   . . .        a - +0 flail
rCold   . . .        c - +0 buckler
rNeg    + . .        b - +0 scale mail
rPois   ∞            (no helmet)
rElec   +            (no cloak)
rCorr   .            (no gloves)
SInv    .            (no boots)
Will    .....        (no amulet) Stlth
                     (no ring)
HPRegen 0.24/turn    (no ring)
MPRegen 0.09/turn

%: no passive effects
@: confused
A: sickness immunity, AC +3, negative energy resistance 1, electricity
resistance, torment resistance 1, petrification resistance
a: no special abilities


You were on level 6 of the Dungeon.
You visited 1 branch of the dungeon, and saw 4 of its levels.

You collected 103 gold pieces.

Inventory:

Hand Weapons
 a - a +0 flail (weapon)
Missiles
 o - 6 poisoned darts
Armour
 b - a +0 scale mail (worn)
 c - a +0 buckler (worn)
Wands
 l - a wand of roots (9)
Scrolls
 e - a scroll of noise {unknown}
 h - a scroll of teleportation {unknown}
 i - a scroll of enchant weapon {unknown}
 n - a scroll of acquirement {unknown}
Potions
 d - 2 potions of might
 f - a potion of curing {unknown}
 g - a potion of resistance {unknown}
 j - a potion of berserk rage {unknown}
 k - a potion of attraction {unknown}
 m - a potion of invisibility {unknown}


   Skills:
 + Level 3.8 Fighting
 + Level 2.9 Maces & Flails
 + Level 3.8 Armour
 + Level 0.5 Dodging
 + Level 0.4 Stealth
 + Level 4.0 Shields


You had 3 spell levels left.
You didn't know any spells.
Your spell library was empty.

Dungeon Overview and Level Annotations

Branches:
Dungeon (3/15)

Altars:

Shops:
D:2 =   D:3 [


Innate Abilities, Weirdness & Mutations

You are immune to sickness and miasma.
Your stone body is resilient. (AC +3)
You are immune to poison.
You resist negative energy. (rN+)
You are resistant to electric shocks. (rElec)
You are resistant to unholy torment.
You are immune to petrification.


Message History

You are confused.
You bump into the rock wall.
Something hits you but does no damage.
You bump into the rock wall.
Something hits you but does no damage.
You bump into the rock wall.
Something hits you but does no damage.
You miss something. Something hits you.
You miss something. Something hits you.
You bump into the rock wall.
An orc wizard appears from thin air!
Reactivating autopickup.
The orc wizard hits you but does no damage.
You completely miss the orc wizard.
The orc wizard is lightly wounded.
You feel less confused.
The orc wizard hits you but does no damage.
The orc wizard points at you and mumbles some strange words.
You are confused.
You bump into the rock wall.
The orc wizard hits you but does no damage.
You miss the orc wizard.
The orc wizard is lightly wounded.
The orc wizard hits you with a +0 dagger.
You're too confused to move!
The orc wizard casts a spell.
The orc wizard flickers and vanishes!
Deactivating autopickup; reactivate with Ctrl-A.
You closely miss something. Something hits you but does no damage.
You hit something but do no damage.
Something hits you but does no damage. x2
You barely miss something.
You feel less confused.
You hear some strange, mumbled words.
A puff of flame appears from out of thin air!
The puff of flame hits you!
* * * LOW HITPOINT WARNING * * *
You barely miss something.
You hear some strange, mumbled words.
You are confused.
You barely miss something. Something hits you but does no damage.
You miss something. Something hits you but does no damage. Something hits you.
* * * LOW HITPOINT WARNING * * *
You barely miss something. Something hits you.
You die...

##+ #...# #.. ##$... #.#
# ...(# ##.##.# #...#
......# ...# #.# #..# #.#
#..# #.# ###########..#
#.######.......@{o..#
#........##########......
########## ######


You could see an orc.

Vanquished Creatures
  An adder (D:3)
  A shadow imp (D:6)
  An orc (D:6)
  4 bats
  9 endoplasms
  4 giant cockroaches
  4 goblins
  4 hobgoblins
  7 jackals
  A quokka (D:2)
  6 ball pythons
  5 frilled lizards
  10 kobolds
  4 rats
61 creatures vanquished.

Notes
Turn   | Place    | Note
-------+----------+-------------------------------------------
     0 | D:1      | AdnanSaban the Gargoyle Fighter began the quest for the
                  | Orb.
     0 | D:1      | Reached XP level 1. HP: 14/14 MP: 1/1
   106 | D:1      | Reached XP level 2. HP: 18/19 MP: 2/2
   430 | D:1      | Reached XP level 3. HP: 23/23 MP: 3/3
   622 | D:2      | Found Cimucri's Jewellery Boutique.
   968 | D:2      | Found a faded altar of an unknown god.
  1575 | D:3      | Reached XP level 4. HP: 28/29 MP: 4/4
  1701 | D:3      | Found Feagg's Antique Armour Shoppe.
  1763 | D:3      | You fall into a shaft and drop 3 floors!
  1787 | D:6      | Reached skill level 4 in Shields
  1849 | D:6      | HP: 1/29 [something (4)]
  1850 | D:6      | Slain by an orc wizard

Illustrated notes

Levels and vault maps discovered:
D:1:      psy_arrival_statuary, layout_basic, minmay_domino_2
D:2:      layout_loops_corners, serial_shops, shop, shapermc_ecumenical_altar_gd
D:3:      layout_loops_corners, nicolae_overflow_crystal_walls, serial_shops,
          nicolae_shop_getting_attention
D:6:      layout_loops_ring, grunt_temple_overflow_order_and_chaos_2,
          mainiacjoe_overflow_alcove_4, small_statue_alley_b,
          guppyfry_early_elven_hall

Skill      XL: |  1  2  3  4 |
---------------+-------------+-----
Shields        | 4 |  4.0
Fighting       | |  3.8
Maces & Flails | |  2.9
Armour         | |  3.8
Dodging        | |  0.5
Stealth        | |  0.4

Action                     |  1- 3 |  4- 6 || total
---------------------------+-------+-------++-------
  Melee: Flail             |   167 |    70 ||   237
 Armour: Scale mail        |   110 |    50 ||   160
  Dodge: Dodged            |   111 |    32 ||   143
  Block: Buckler           |    38 |    11 ||    49

Table legend: (Time is in decaauts)
 A = Elapsed time spent in this place.
 B = Non-inter-level travel time spent in this place.
 C = Inter-level travel time spent in this place.
 D = Time resting spent in this place.
 E = Time spent auto-exploring this place.
 F = Levels seen in this place.
 G = Mean time per level.
                   A        B        C        D        E       F      G
               +--------+--------+--------+--------+--------+-----+--------+
         Total |   1922 |   1874 |     48 |      0 |   1372 |   4 |  480.5 |
       Dungeon |   1922 |   1874 |     48 |      0 |   1372 |   4 |  480.5 |
               +--------+--------+--------+--------+--------+-----+--------+

Top non-repeatable levels by time:
     D:2: 843 daAuts
     D:1: 649 daAuts
     D:3: 331 daAuts
     D:6: 97 daAuts
